 Dungeon Crawl Stone Soup version 0.25-a0-566-g062765be81 (webtiles) character file.

Game seed: 1874930944697793006, levelgen mode: deterministic

693 kae the Cutter (level 7, -3/36 HPs)
             Began as a Kobold Enchanter on Feb 27, 2020.
             Killed from afar by an orc wizard (9 damage)
             ... with a magic dart
             ... on level 5 of the Dungeon.
             The game lasted 00:06:04 (5771 turns).

kae the Cutter (Kobold Enchanter)                   Turns: 5771, Time: 00:06:05

Health: -3/36      AC: 12    Str: 12    XL:     7   Next: 96%
Magic:  0/13       EV: 15    Int: 18    God:
Gold:   296        SH:  0    Dex: 12    Spells: 2/14 levels left

rFire    . . .     SeeInvis .   o - +2 dagger (protect)
rCold    + . .     Gourm    .   (shield restricted)
rNeg     . . .     Faith    .   b - +1 robe
rPois    +         Spirit   .   (no helmet)
rElec    .         Reflect  .   p - +0 cloak
rCorr    .         Harm     .   x - +0 pair of gloves of Icafooli {rPois Str+6 Dex-3}
MR       .....                  (no boots)
Stlth    +++.......             (no amulet)
HPRegen  0.12/turn              D - ring of protection from cold
MPRegen  0.13/turn              (no ring)

@: confusing touch, protection aura
A: small, carnivore
a: no special abilities


You were on level 5 of the Dungeon.
You were very full.

You visited 1 branch of the dungeon, and saw 5 of its levels.

You collected 296 gold pieces.

Inventory:

Hand Weapons
 a - a +1 dagger
 o - a +2 dagger of protection (weapon)
Armour
 b - a +1 robe (worn)
 p - a +0 cloak (worn)
 x - the +0 pair of gloves of Icafooli (worn) {rPois Str+6 Dex-3}
   (You found it on level 4 of the Dungeon)

   It affects your strength (+6).
   It affects your dexterity (-3).
   It protects you from poison.
   If you remove this armour, your AC will decrease by 1 (12 -> 11).
Jewellery
 D - a ring of protection from cold (left hand)
Wands
 t - a wand of flame (13)
 y - a wand of paralysis (11)
 C - a wand of random effects (21)
Scrolls
 c - 2 scrolls of teleportation
 f - a scroll of fog
 g - a scroll of enchant armour
 i - 3 scrolls of amnesia
 j - 2 scrolls of random uselessness {unknown}
 r - 2 scrolls of remove curse
Potions
 e - 2 potions of heal wounds
 h - a potion of lignification
 k - 2 potions of curing
 l - a potion of magic {unknown}
 n - 2 potions of ambrosia {unknown}
 s - a potion of invisibility {unknown}
 v - a potion of stabbing {unknown}
 w - a potion of cancellation {unknown}
 z - a potion of mutation {unknown}
 A - a potion of degeneration {unknown}
 B - a potion of haste {unknown}
Comestibles
 d - 8 rations


   Skills:
 * Level 6.8 Short Blades
 - Level 2.4 Dodging
 + Level 6.5 Stealth
 + Level 4.1 Spellcasting
 + Level 4.7 Hexes


You had 2 spell levels left.
You knew the following spells:

 Your Spells              Type           Power        Failure   Level  Hunger
a - Corona                Hex            ###....      2%          1    None
b - Ensorcelled Hibernat  Hex/Ice        ##....       9%          2    ##.....
c - Confusing Touch       Hex            ###.....     6%          3    ###....
d - Tukima's Dance        Hex            ###.....     6%          3    ###....
e - Dazzling Flash        Conj/Hex       ##....       17%         3    ###....

Your spell library contained the following spells:

 Spells                   Type           Power        Failure   Level  Hunger


Dungeon Overview and Level Annotations

Branches:
Dungeon (5/15)
 Temple: D:4-7

Altars:
Qazlal

Annotations:
D:1 exclusion: gnoll
D:3 Sigmund


Innate Abilities, Weirdness & Mutations

You are small and have problems with some larger weapons.
You are carnivorous and can eat meat at any time.


Message History

The orc wizard is lightly wounded.
The orc wizard misses you.
You closely miss the orc wizard.
The orc wizard is lightly wounded.
The orc wizard hits you but does no damage.
You hit the orc wizard.
The orc wizard is lightly wounded.
The orc wizard hits you but does no damage.
Casting: Ensorcelled Hibernation (safe; 9% risk of failure)
Confirm with . or Enter, or press ? or * to list all spells.
Your hands begin to glow red.
The orc wizard points at you and mumbles some strange words.
The magic dart hits you!
* * * LOW HITPOINT WARNING * * *
The orc wizard closely misses you. The orc wizard barely misses you.
You hit the orc wizard but do no damage.
The orc wizard is lightly wounded.
The orc wizard casts a spell at you. The magic dart hits you!
You die...

.....#.....# ..
#....##....##....
....
..##..##........#
....
.####.....####.#
#... ## #..##..#
##. ##..#
.###.####.# #.#
##...## ..#..#
#.###.###.....##
##..##
#...........>..#
##.# #.##)..o@..#
#.# #.####.##..##
.. #.. #..
#..).## ...
......# #.##.##
.. ##....
#.##..## .# #.##.
..###..# ##.# #.#
##
..####..###..##
##
..........#....#
#....#####......#


You could see an orc wizard.

Vanquished Creatures
  A sky beast (D:5)
  An ogre (D:4)
  A phantom (D:5)
  A scorpion (D:4)
  An orc priest (D:3)
  A hound (D:4)
  2 centaur skeletons
  Jessica (D:3)
  Terence (D:2)
  A worker ant (D:3)
  A killer bee zombie (D:5)
  4 adders
  An ooze (D:2)
  2 adder skeletons (D:4)
  2 worms
  2 dart slugs (D:3)
  3 leopard geckos (D:4)
  21 orcs
  6 bats
  A giant cockroach (D:1)
  5 goblins
  6 hobgoblins
  4 jackals (D:1)
  8 quokkas
  3 ball pythons
  3 frilled lizards
  6 kobolds
  8 rats
97 creatures vanquished.

Vanquished Creatures (others)
  A frilled lizard (D:3)
1 creature vanquished.

Grand Total: 98 creatures vanquished

Notes
Turn   | Place    | Note
-------+----------+-------------------------------------------
     0 | D:1      | kae the Kobold Enchanter began the quest for the Orb.
     0 | D:1      | Reached XP level 1. HP: 10/10 MP: 3/3
   417 | D:1      | Reached XP level 2. HP: 12/15 MP: 3/5
   654 | D:1      | Learned a level 2 spell: Ensorcelled Hibernation
  1178 | D:1      | Reached XP level 3. HP: 15/19 MP: 6/6
  1239 | D:1      | Learned a level 3 spell: Confusing Touch
  1972 | D:2      | Noticed Terence
  2018 | D:2      | Killed Terence
  2018 | D:2      | Reached XP level 4. HP: 16/24 MP: 2/8
  2821 | D:3      | Noticed Jessica
  2828 | D:3      | Killed Jessica
  2828 | D:3      | Reached skill level 5 in Stealth
  2828 | D:3      | Reached XP level 5. HP: 13/28 MP: 9/9
  3410 | D:3      | Reached XP level 6. HP: 24/32 MP: 3/10
  3505 | D:3      | Noticed Sigmund
  3516 | D:3      | Found a stormy altar of Qazlal.
  3517 | D:3      | Noticed an air elemental
  3519 | D:3      | Noticed a water elemental
  3519 | D:3      | Noticed a fire elemental
  4028 | D:4      | Reached skill level 5 in Short Blades
  4289 | D:4      | Noticed an ogre
  4296 | D:4      | Killed an ogre
  4296 | D:4      | Reached XP level 7. HP: 27/36 MP: 5/12
  4387 | D:4      | Got a pair of warped gloves
  4393 | D:4      | Identified the cursed +0 pair of gloves of Icafooli {rPois
                  | Str+6 Dex-3} (You found it on level 4 of the Dungeon)
  4711 | D:4      | Learned a level 3 spell: Tukima's Dance
  4715 | D:4      | Learned a level 3 spell: Dazzling Flash
  4971 | D:5      | Entered Level 5 of the Dungeon
  5771 | D:5      | Killed from afar by an orc wizard

Levels and vault maps discovered:
D:1:      grunt_arrival_crossed_arrows, layout_basic
D:2:      minmay_recursive_quarters, layout_basic, uniq_terence
D:3:      layout_basic, nicolae_qazlal_style_of_elements, uniq_jessica,
          uniq_sigmund
D:4:      layout_loops_ring, first_ration
D:5:      layout_layer_cave

Skill      XL: |  1  2  3  4  5  6  7 |
---------------+----------------------+-----
Short Blades   | 2 3 4 5 6 |  6.8
Stealth        | 5 6 |  6.5
Spellcasting   | 3 4 |  4.1
Hexes          | 4 |  4.7
Dodging        | |  2.4

Action                   |  1- 3 |  4- 6 |  7- 9 || total
-------------------------+-------+-------+-------++-------
Melee: Dagger            |   152 |   245 |   105 ||   502
 Cast: Corona            |     8 |     5 |       ||    13
       Ensorcelled Hiber |    12 |    31 |    17 ||    60
       Confusing Touch   |     1 |       |     3 ||     4
  Use: Potion            |     2 |     1 |       ||     3
       Scroll            |       |       |    10 ||    10
 Stab: Sleeping          |     9 |    20 |     4 ||    33
       Confused          |     1 |       |     4 ||     5
       Distracted        |       |     1 |       ||     1
  Eat: Chunk             |     8 |    13 |     4 ||    25
Armor: Robe              |    31 |    45 |    29 ||   105
       Skin              |       |    11 |       ||    11
Dodge: Dodged            |   143 |   142 |    75 ||   360

Table legend:
 A = Non-vault XP
 B = Vault XP
 C = Vault XP percentage of total XP
 D = Non-vault monster count
 E = Vault monster count
 F = Vault count percentage of total count
                 A         B        C        D         E       F
            +---------+---------+-------+---------+---------+-------
      Total |     889 |     101 |  10.2 |      90 |       7 |   7.2
            +---------+---------+-------+---------+---------+-------
        D:1 |      27 |       0 |   0.0 |      16 |       0 |   0.0
        D:2 |      37 |      64 |  63.4 |      16 |       6 |  27.3
        D:3 |     153 |      37 |  19.5 |      28 |       1 |   3.4
        D:4 |     340 |       0 |   0.0 |      22 |       0 |   0.0
        D:5 |     332 |       0 |   0.0 |       8 |       0 |   0.0
            +---------+---------+-------+---------+---------+-------
